 Dungeon Crawl Stone Soup version 0.30.0-17-ge0270778cf (webtiles) character file.

Game seed: 9996270227287911688

1594 GloriousHammer the Fighter (level 8, -3/76 (89) HPs)
             Began as an Ogre Gladiator on May 22, 2023.
             Slain by a wight
             ... wielding a +0 battleaxe
              (17 damage)
             ... on level 6 of the Dungeon.
             The game lasted 00:13:03 (6815 turns).

GloriousHammer the Fighter (Ogre Gladiator)         Turns: 6815, Time: 00:13:04

HP:   -3/76 (89)    AC:  3    Str: 19    XL:     8   Next: 93%
MP:   0/8           EV: 10    Int: 11    God:
Gold: 342           SH:  0    Dex: 10    Spells: 7/7 levels left

rFire   . . .        C - +1 mace (venom)
rCold   . . .        (no shield)
rNeg    . . .        b - +0 robe
rPois   .            c - +0 hat
rElec   .            (no cloak)
rCorr   .            (gloves unavailable)
SInv    .            (boots unavailable)
Will    .....        h - amulet of guardian spirit
Stlth   +            (no ring)
HPRegen 0.32/turn    (no ring)
MPRegen 0.11/turn

%: guardian spirit
@: hasted, heavily drained, very quick
A: large, unfitting armour, tough skin 1
a: no special abilities


You were on level 6 of the Dungeon.
You visited 1 branch of the dungeon, and saw 6 of its levels.
You also visited: Ossuary.

You collected 342 gold pieces.

Inventory:

Hand Weapons
 a - a +0 flail
 n - a +0 whip
 C - a +1 mace of venom (weapon)
 G - a +0 giant club
Missiles
 d - 2 throwing nets
 e - 2 large rocks
 l - 7 boomerangs (quivered)
 m - 80 stones
 u - 38 poisoned darts
Armour
 b - a +0 robe (worn)
 c - a +0 hat (worn)
Jewellery
 h - an amulet of guardian spirit (around neck)
Scrolls
 g - 10 scrolls of identify {unknown}
 j - 3 scrolls of magic mapping {unknown}
 k - a scroll of fear {unknown}
 o - 5 scrolls of poison {unknown}
 p - a scroll of enchant armour {unknown}
 q - 2 scrolls of fog {unknown}
 t - 3 scrolls of blinking {unknown}
 x - 2 scrolls of vulnerability {unknown}
 y - a scroll of amnesia {unknown}
 z - a scroll of acquirement {unknown}
 A - a scroll of silence {unknown}
 F - a scroll of summoning {unknown}
 H - a scroll of teleportation {unknown}
 K - a scroll of enchant weapon {unknown}
Potions
 f - 8 potions of curing {unknown}
 i - 5 potions of haste
 r - 2 potions of might {unknown}
 s - a potion of lignification {unknown}
 v - a potion of heal wounds {unknown}
 w - 2 potions of mutation {unknown}
 B - a potion of brilliance {unknown}
 D - a potion of magic {unknown}
 E - a potion of degeneration {unknown}
 I - a potion of resistance {unknown}
 J - a potion of ambrosia {unknown}
 L - a potion of cancellation {unknown}


   Skills:
 + Level 8.7 Fighting
 + Level 6.4 Maces & Flails
 + Level 6.5 Throwing
 - Level 2.6 Dodging


You had 7 spell levels left.
You didn't know any spells.
Your spell library contained the following spells:

 Spells                   Type           Power      Damage    Failure   Level
 Ensorcelled Hibernation  Hex/Ice        0%         N/A       47%         2
 Spider Form              Tmut/Pois      0%         N/A       71%         3
 Anguish                  Hex/Necr       0%         N/A       98%         4


Dungeon Overview and Level Annotations

Branches:
Dungeon (6/15)            Ossuary (visited)
 Temple: D:4-7

Altars:
Gozag
Hepliaklqana
Qazlal
Yredelemnul
Zin


Innate Abilities, Weirdness & Mutations

You are too large for most types of armour.
You have tough skin. (AC +1)


Message History

* * * LOW HITPOINT WARNING * * *
Unknown command.
You hit the orc wizard.
You kill the orc wizard!
Unknown command.
You start resting.
Magic restored.
You start resting.
You start resting.
HP restored.
You see here a +0 short sword.
Things that are here:
a +0 dagger; a +0 leather armour
i - 6 potions of haste (gained 1)
Found a stone staircase leading down.
Found a ring mail.
You see here a +0 ring mail.
Found a robe.
An adder comes into view.
The adder hisses angrily.
An adder is nearby!
An adder is nearby!
Throw: 7 boomerangs
Press: ? - help, Q - select action, (/) - cycle Shift-Dir - straight line, f - adder
Aim: an adder (48% to hit)
You throw a boomerang. The boomerang misses the adder.
Throw: 7 boomerangs
Press: ? - help, Q - select action, (/) - cycle Shift-Dir - straight line, f/p - adder
Aim: an adder (48% to hit)
You throw a boomerang. The boomerang barely misses the adder.
You miss the adder. The adder bites you.
You miss the adder. The adder bites you. x2
You barely miss the adder. The adder completely misses you.
You sock the adder!
The adder is severely wounded.
The adder bites you but does no damage. The adder bites you.
You hit the adder but do no damage.
The adder is severely wounded.
The adder bites you.
You closely miss the adder.
The adder is severely wounded.
The adder bites you. x2
You miss the adder.
The adder is severely wounded.
The adder closely misses you.
You hit the adder.
You kill the adder!
You see here an adder corpse.
You see here a +0 robe.
A hound and a scorpion come into view.
Found a brightly glowing leather armour and 4 stones.
The hound barks!
There are monsters nearby!
There are monsters nearby!
Throw: 7 boomerangs
Press: ? - help, Q - select action, (/) - cycle Shift-Dir - straight line, f - scorpion
Aim: a scorpion (64% to hit)
You throw a boomerang.
The boomerang hits the scorpion but does no damage.
Throw: 7 boomerangs
Press: ? - help, Q - select action, (/) - cycle Shift-Dir - straight line, f/p - scorpion
Aim: a scorpion (64% to hit)
You throw a boomerang.
The boomerang hits the scorpion but does no damage.
Throw: 7 boomerangs
Press: ? - help, Q - select action, (/) - cycle Shift-Dir - straight line, f/p - scorpion
Aim: a scorpion (64% to hit)
You throw a boomerang. The boomerang hits the scorpion!
The scorpion is severely wounded.
The scorpion attacks as you move away! The scorpion barely misses you.
You see here a +0 robe.
Throw: 7 boomerangs
Press: ? - help, Q - select action, (/) - cycle Shift-Dir - straight line, f/p - scorpion
Aim: a scorpion (severely wounded, 64% to hit)
You throw a boomerang. The boomerang hits the scorpion!
You kill the scorpion!
The hound barely misses you. The hound bites you but does no damage.
You see here a scorpion corpse.
You sock the hound!
The hound is poisoned.
The hound is heavily wounded.
The hound bites you.
You hit the hound.
The hound looks as sick as possible!
The hound is severely wounded.
The hound bites you. x2
You closely miss the hound.
The hound is almost dead.
You kill the hound!
Magic restored.
You see here the +0 leather armour of Duza Zai {rPois}.
m - 80 stones (gained 4)
Found a ruby potion.
You see here a +1 spectral quarterstaff.
J - a ruby potion
Found a stone staircase leading up.
g - 10 scrolls labelled ZAMOCI QYNA (gained 1)
K - a scroll labelled OTWENY WADD You now have 339 gold pieces (gained 12).
x - 2 scrolls labelled WIGURH HEAWK (gained 1)
You now have 342 gold pieces (gained 3).
L - a silvery potion
Found a flail.
Found a spear.
Found a stone staircase leading down.
There is a stone staircase leading down here.
A wight comes into view. It is wielding a +0 mace.
Found a scroll labelled HOTHAPHURCHI.
A wight is nearby!
A wight is nearby!
Throw: 7 boomerangs
Press: ? - help, Q - select action, (/) - cycle Shift-Dir - straight line, f - wight
Aim: a wight, wielding a +0 mace and wearing a +0 robe (64% to hit)
You throw a boomerang. The boomerang hits the wight.
The wight is moderately damaged.
Throw: 7 boomerangs
Press: ? - help, Q - select action, (/) - cycle Shift-Dir - straight line, f/p - wight
Aim: a wight, wielding a +0 mace and wearing a +0 robe (moderately damaged, 64% to hit)
You throw a boomerang. The boomerang barely misses the wight.
You barely miss the wight.
The wight is moderately damaged.
The wight barely misses you.
You barely miss the wight.
The wight is moderately damaged.
The wight completely misses you.
You hit the wight.
The wight is moderately damaged.
The wight barely misses you.
You barely miss the wight.
The wight is moderately damaged.
The wight hits you with a +0 mace!
You feel drained.
You thump the wight!
The wight is severely damaged.
The wight hits you with a +0 mace.
You closely miss the wight.
The wight is severely damaged.
The wight hits you with a +0 mace.
You barely miss the wight.
The wight is severely damaged.
The wight barely misses you.
You closely miss the wight.
The wight is severely damaged.
The wight closely misses you.
You barely miss the wight.
The wight is severely damaged.
The wight hits you with a +0 mace!
You feel drained.
You hit the wight.
The wight is almost destroyed.
The wight hits you with a +0 mace.
You closely miss the wight.
The wight is almost destroyed.
The wight hits you with a +0 mace!
You feel drained.
You hit the wight but do no damage.
The wight is almost destroyed.
The wight hits you with a +0 mace.
You hit the wight but do no damage.
The wight is almost destroyed.
The wight hits you with a +0 mace.
You feel drained.
You sock the wight!
You destroy the wight!
Things that are here:
a +0 mace; a +0 robe 2 wights come into view.
There are monsters nearby!
There are monsters nearby!
Things that are here:
a +0 mace; a +0 robe Throw: 7 boomerangs
Press: ? - help, Q - select action, (/) - cycle Shift-Dir - straight line, f - wight
Aim: a wight, wielding a +0 battleaxe and wearing a +0 robe (64% to hit)
You throw a boomerang.
The boomerang hits the wight but does no damage.
You hit the wight.
The wight is lightly damaged.
The wight hits you from afar with a +0 spear.
The wight hits you with a +0 battleaxe!
You feel drained. The wight hits you with a +0 spear.
You hit the wight.
The wight is heavily damaged.
The wight barely misses you. The wight closely misses you.
You closely miss the wight.
The wight is heavily damaged.
The wight hits you with a +0 battleaxe. The wight hits you with a +0 spear!
You feel drained.
You barely miss the wight.
The wight is heavily damaged.
The wight hits you with a +0 battleaxe! The wight closely misses you.
You hit the wight.
The wight is almost destroyed.
The wight closely misses you. The wight hits you with a +0 spear.
Unknown command.
You hit the wight but do no damage.
The wight is almost destroyed.
The wight hits you with a +0 battleaxe!
* * * LOW HITPOINT WARNING * * *
You feel drained.
* * * LOW HITPOINT WARNING * * *
The wight hits you with a +0 spear.
* * * LOW HITPOINT WARNING * * *
You feel yourself speed up.
The wight hits you with a +0 battleaxe!!
You die...

#.#.#.###.#.##.#.#####
#.#.#.###.#.##..>....#
#.#....#....####.###.#
#...........# #.###.##
#####..#...##
#.##...#### #..##.##
#........). ####..##>#
####.†.####
.......z.##### ##.##
###....@z..?# #..
##)######.# ### #.# .#
#)# z# .# .. ##


You could see 2 wights.

Vanquished Creatures
  An orc warrior (D:6)
  An ogre (D:5)
  A kobold brigand (D:6)
  2 scorpions
  A necrophage (D:4)
  A water moccasin zombie (Ossuary)
  4 wights (D:6)
  A howler monkey (D:4)
  3 centaur zombies (Ossuary)
  A human zombie (D:4)
  2 hounds
  3 jellies (D:5)
  2 orc priests (D:6)
  An orc wizard (D:6)
  2 scorpion zombies
  A sleepcap (D:4)
  3 ogre zombies (Ossuary)
  4 hound zombies (D:4)
  5 mummies
  6 gnolls
  6 adders
  A white imp (D:4)
  2 ufetubi (D:5)
  3 adder zombies
  6 worms
  2 dart slugs
  6 orcs
  7 bats
  3 endoplasms
  3 giant cockroaches (D:1)
  4 gnoll zombies (Ossuary)
  2 goblins
  5 hobgoblins
  8 quokkas
  7 ball pythons
  3 frilled lizards
  5 goblin zombies (Ossuary)
  A hobgoblin zombie (Ossuary)
  14 kobolds
  2 orc zombies (Ossuary)
  8 rats
143 creatures vanquished.

Notes
Turn   | Place    | Note
-------+----------+-------------------------------------------
     0 | D:1      | GloriousHammer the Ogre Gladiator began the quest for the
                  | Orb.
     0 | D:1      | Reached XP level 1. HP: 22/22 MP: 1/1
   154 | D:1      | Reached skill level 3 in Fighting
   163 | D:1      | Reached XP level 2. HP: 31/31 MP: 2/2
   470 | D:1      | Reached XP level 3. HP: 33/37 MP: 3/3
   598 | D:1      | Found a faded altar of an unknown god.
  1617 | D:2      | Reached XP level 4. HP: 39/48 MP: 4/4
  1799 | D:3      | Reached skill level 4 in Fighting
  2210 | D:3      | Found a hazy altar of Hepliaklqana.
  2571 | D:4      | Found an opulent altar of Gozag.
  2571 | D:4      | Found a glowing silver altar of Zin.
  2592 | D:4      | Reached XP level 5. HP: 23/55 MP: 3/5
  2687 | D:4      | Found a sand-covered staircase.
  2803 | Ossuary  | Entered an ossuary
  2818 | Ossuary  | Reached skill level 5 in Fighting
  2896 | Ossuary  | Reached XP level 6. HP: 14/66 MP: 1/6
  3501 | Ossuary  | Reached skill level 6 in Fighting
  3501 | Ossuary  | Reached XP level 7. HP: 52/75 MP: 7/7
  3738 | Ossuary  | Noticed a silent spectre
  3846 | D:4      | HP: 3/75 [gnoll/+0 club (3)]
  4620 | D:4      | Found a basalt altar of Yredelemnul.
  4678 | D:4      | Reached skill level 5 in Maces & Flails
  4678 | D:4      | Reached skill level 5 in Throwing
  5288 | D:5      | Entered Level 5 of the Dungeon
  5426 | D:5      | Reached skill level 7 in Fighting
  5489 | D:5      | Reached XP level 8. HP: 87/87 MP: 8/8
  5717 | D:5      | Found a stormy altar of Qazlal.
  6124 | D:6      | Reached skill level 8 in Fighting
  6579 | D:6      | Identified the +0 leather armour of Duza Zai {rPois}
  6815 | D:6      | Slain by a wight

Illustrated notes

Levels and vault maps discovered:
D:1:      sevenhm_arrival_forest_fort_small_3, layout_loops_corners,
          ebering_ecumenical_altar_box, minmay_tromino_i2
D:2:      layout_rooms, nicolae_wormholes
D:3:      layout_rooms, lemuel_crystal_altar
D:4:      layout_loops_ring, lemuel_mausoleum_altar_yredelemnul,
          grunt_temple_overflow_gold_and_silver, nicolae_ossuary_entry_ruins,
          grunt_ministairs_9
D:5:      layout_rooms, grunt_qazlal_sundering, corexii_corridor_pit
D:6:      dreamdust_elfheim, layout_loops_ring, nicolae_nh_ransacked_shop

Skill      XL: |  1  2  3  4  5  6  7  8 |
---------------+-------------------------+-----
Fighting       | 3 4 5 6 7 8 |  8.7
Maces & Flails | 3 4 5 6 |  6.4
Throwing       | 3 4 5 6 |  6.5
Dodging        | |  2.6

Action                     |  1- 3 |  4- 6 |  7- 9 || total
---------------------------+-------+-------+-------++-------
  Melee: Flail             |    84 |       |       ||    84
         Whip              |    69 |   272 |    49 ||   390
         Punch             |       |     4 |     1 ||     5
         Mace              |       |       |   198 ||   198
  Throw: Large rock        |       |    10 |     2 ||    12
         Stone             |       |       |    10 ||    10
         Boomerang         |       |       |    49 ||    49
         Throwing net      |       |       |     2 ||     2
    Use: Potion            |       |       |     1 ||     1
   Stab: Sleeping          |     2 |       |       ||     2
 Armour: Robe              |    63 |    88 |    33 ||   184
  Dodge: Dodged            |    93 |   141 |   111 ||   345
